 Dungeon Crawl Stone Soup version 0.28.0-45-g0d030f2227 (webtiles) character file.

Game seed: 4413573899193001207

455 brightshaft the Ruffian (level 6, -1/55 HPs)
             Began as a Troll Hunter on Apr 20, 2022.
             Was a Follower of Uskayaw.
             Slain by an orc warrior
             ... wielding a +0 trident
              (11 damage)
             ... on level 5 of the Dungeon.
             The game lasted 00:07:01 (2851 turns).

brightshaft the Ruffian (Troll Hunter)              Turns: 2851, Time: 00:07:01

Health: -1/55      AC:  5    Str: 23    XL:     6   Next: 76%
Magic:  0/5        EV:  9    Int:  7    God:    Uskayaw [*.....]
Gold:   199        SH:  0    Dex: 10    Spells: 5/5 levels left

rFire   . . .      SeeInvis .     - Unarmed
rCold   + . .      Faith    .   (no shield)
rNeg    . . .      Spirit   +   b - +0 robe
rPois   .          Reflect  .   (helmet restricted)
rElec   .          Harm     .   j - +0 cloak
rCorr   .          Rampage  .   (gloves unavailable)
Will    .....                   (boots unavailable)
Stlth   +.........              s - amulet of guardian spirit
HPRegen 0.98/turn               c - ring of flight
MPRegen 0.09/turn               p - ring of protection from cold

@: flying
A: large, unfitting armour, claws 3, regeneration 1, shaggy fur 1, tough skin 1
a: Renounce Religion, Stomp


You were on level 5 of the Dungeon.
You worshipped Uskayaw.
Uskayaw was noncommittal.
You visited 2 branches of the dungeon, and saw 6 of its levels.

You collected 199 gold pieces.

Inventory:

Missiles
 k - a throwing net
 l - 7 large rocks (quivered)
 m - 4 boomerangs
 n - 5 javelins
Armour
 b - a +0 robe (worn)
 j - a +0 cloak (worn)
Jewellery
 c - a ring of flight (left claw)
 p - a ring of protection from cold (right claw)
 s - an amulet of guardian spirit (around neck)
Wands
 h - a wand of flame (19) {@v2}
Scrolls
 a - a scroll of torment {unknown}
 e - 4 scrolls of identify {unknown}
 f - a scroll of vulnerability {unknown}
 o - a scroll of noise {unknown}
Potions
 d - a potion of haste {unknown}
 g - a potion of might {unknown}
 i - 2 potions of curing {unknown}
 q - a potion of lignification {unknown}
 r - a potion of degeneration {unknown}
 t - a potion of brilliance {unknown}


   Skills:
 - Level 1.5 Fighting
 - Level 4.0 Throwing
 - Level 1.5 Dodging
 - Level 0.3 Stealth
 * Level 6.7 Unarmed Combat


You had 5 spell levels left.
You didn't know any spells.
Your spell library contained the following spells:

 Spells                   Type           Power      Damage    Failure   Level
 Slow                     Hex            0%         N/A       43%         1
 Confusing Touch          Hex            0%         N/A       80%         3
 Conjure Flame            Conj/Fire      0%         6-21      80%         3
 Ignite Poison            Fire/Tmut/Pois 0%         N/A       80%         3
 Ozocubu's Armour         Ice            0%         N/A       80%         3
 Vampiric Draining        Necr           0%         2d6       80%         3
 Sticky Flame             Conj/Fire      0%         2d3       99%         4
 Metabolic Englaciation   Hex/Ice        0%         N/A       100%        5
 Simulacrum               Ice/Necr       0%         N/A       100%        6


Dungeon Overview and Level Annotations

Branches:
Dungeon (5/15)             Temple (1/1) D:4

Altars:
Ashenzari
Cheibriados
Dithmenos
Elyvilon
Fedhas
Gozag
Makhleb
Ru
Trog
Uskayaw
Vehumet
Wu Jian
Xom
Zin


Innate Abilities, Weirdness & Mutations

You are too large for most types of armour.
You have claws for hands.
Your natural rate of healing is unusually fast.
You are covered in fur. (AC +1)
You have tough skin. (AC +1)


Message History

The orc wizard mumbles some strange words.
The orc wizard flickers and vanishes!
Deactivating autopickup; reactivate with Ctrl-A.
You see here a pink potion.
The orc priest invokes the aid of Beogh against you.
Beogh smites you!
You hear a bark!
The orc priest looks encouraged for a moment.
The orc priest invokes the aid of Beogh against you.
Beogh smites you!
The orc priest looks braver for a moment.
You mangle the orc!!
You kill the orc!
The orc warrior barely misses you.
Things that are here:
a +0 short sword; a +2 leather armour of cold resistance You closely miss the orc warrior.
The orc warrior hits you with a +0 trident.
You barely miss the orc warrior.
You scratch the orc warrior but do no damage.
The orc warrior hits you with a +0 trident!!
Throw: 9 large rocks
Press: ? - help, Q - select action, (/) - cycle Shift-Dir - straight line, f - orc warrior
Aim: an orc warrior, wielding a +0 trident and wearing a +0 plate armour (57% to hit)
You throw a large rock. The large rock hits the orc warrior.
The orc warrior is moderately wounded.
The orc warrior hits you with a +0 trident!
* * * LOW HITPOINT WARNING * * *
The orc warrior hits you with a +0 trident.
* * * LOW HITPOINT WARNING * * *
Throw: 8 large rocks
Press: ? - help, Q - select action, (/) - cycle Shift-Dir - straight line, f/p - orc warrior
Aim: an orc warrior, wielding a +0 trident and wearing a +0 plate armour (moderately wounded, 57% to hit)
You throw a large rock.
The large rock barely misses the orc warrior.
The large rock hits the orc priest.
The orc priest is moderately wounded.
The orc warrior completely misses you.
The orc warrior hits you with a +0 trident!
You die...

####.#.# .#.##..#### ######.
#......# #. #..# #####.
#.##...# #.# #..# #..... #.
#..(# #.# #..# #.###.
#.##...####.# #..# ##
##...........# #..###
......[..####.# #....#
######...####.####..#.#####.###
#.........@oo.....!.......
##..####.#####.._..###.###
#.>####.#####._8..#
#.............._.....
##......#####......## ########
###....# ######


You could see an orc warrior and an orc priest.

Vanquished Creatures
  An ogre (D:2)
  A phantom (D:4)
  A scorpion (D:3)
  A water moccasin skeleton (D:4)
  A hound (D:5)
  Ijyb (D:3)
  3 gnolls (D:3)
  2 adders
  An adder skeleton (D:4)
  2 dart slugs
  2 orcs
  7 endoplasms
  2 giant cockroaches
  12 goblins
  14 hobgoblins
  3 jackals (D:1)
  A quokka (D:4)
  5 ball pythons
  4 bats
  5 frilled lizards
  A jackal skeleton (D:4)
  4 kobolds
  9 rats
83 creatures vanquished.

Vanquished Creatures (others)
  A plant (D:4)
1 creature vanquished.

Grand Total: 84 creatures vanquished

Notes
Turn   | Place    | Note
-------+----------+-------------------------------------------
     0 | D:1      | brightshaft the Troll Hunter began the quest for the Orb.
     0 | D:1      | Reached XP level 1. HP: 19/19 MP: 0/0
    61 | D:1      | Reached skill level 1 in Unarmed Combat
   135 | D:1      | Reached XP level 2. HP: 25/27 MP: 1/1
   144 | D:1      | Noticed an eye of devastation
   147 | D:1      | Noticed a shining eye
   149 | D:1      | Found a faded altar of an unknown god.
   152 | D:1      | Noticed an eye of devastation
   236 | D:1      | Reached skill level 2 in Unarmed Combat
   400 | D:1      | Reached XP level 3. HP: 22/33 MP: 2/2
   429 | D:1      | Noticed a floating eye
   712 | D:2      | Noticed an ogre
   721 | D:2      | Killed an ogre
   722 | D:2      | Reached skill level 4 in Unarmed Combat
   722 | D:2      | Reached XP level 4. HP: 17/41 MP: 3/3
  1066 | D:3      | Noticed a scorpion
  1090 | D:3      | Noticed Ijyb
  1091 | D:3      | HP: 2/41 [poisoned by a scorpion]
  1096 | D:2      | HP: 2/41 [poisoned by a scorpion]
  1232 | D:3      | Found an opulent altar of Gozag.
  1253 | D:3      | Reached XP level 5. HP: 48/48 MP: 4/4
  1275 | D:3      | Killed Ijyb
  1276 | D:3      | Reached skill level 5 in Unarmed Combat
  1505 | D:3      | Reached XP level 6. HP: 53/55 MP: 5/5
  1816 | D:4      | Reached skill level 6 in Unarmed Combat
  1879 | D:4      | Found a staircase to the Ecumenical Temple.
  1908 | Temple   | Entered the Ecumenical Temple
  2196 | Temple   | Became a worshipper of Uskayaw the Reveller
  2236 | D:4      | Reached * piety under Uskayaw
  2251 | D:4      | Reached ** piety under Uskayaw
  2261 | D:4      | Reached *** piety under Uskayaw
  2548 | D:5      | Entered Level 5 of the Dungeon
  2823 | D:5      | Found a sacrificial altar of Ru.
  2826 | D:5      | Found a burning altar of Makhleb.
  2829 | D:5      | Found a broken altar of Ashenzari.
  2833 | D:5      | Noticed an orc warrior
  2851 | D:5      | Slain by an orc warrior

Illustrated notes

Levels and vault maps discovered:
D:1:      evilmike_arrival_crescent, layout_basic,
          hellmonk_ecumenical_altar_watching_god, minmay_surrounded
D:2:      layout_basic
D:3:      cheibrodos_greedy_goblins, layout_rooms, lemuel_crystal_altar,
          uniq_ijyb
D:4:      layout_cave_pools, minmay_temple_entry_gardened_gates
D:5:      layout_basic, lemuel_zombie_altar_yredelemnul, kennysheep_mini_moat,
          chequers_temple_overflow_statue_of_worship, abandoned_shop
Temple:   dpeg_chambers_temple

Skill      XL: |  1  2  3  4  5  6 |
---------------+-------------------+-----
Unarmed Combat | 1 2 4 5 6 |  6.7
Throwing       | 4 |  4.0
Fighting       | |  1.5
Dodging        | |  1.5
Stealth        | |  0.3

Action                   |  1- 3 |  4- 6 || total
-------------------------+-------+-------++-------
Melee: Unarmed           |   101 |   149 ||   250
       Punch             |     2 |     3 ||     5
Throw: Large rock        |     2 |     7 ||     9
       Throwing net      |       |     2 ||     2
       Boomerang         |       |     5 ||     5
 Stab: Sleeping          |     1 |     1 ||     2
Armor: Robe              |    24 |    74 ||    98
Dodge: Dodged            |    52 |    75 ||   127
